 Dungeon Crawl Stone Soup version 0.31-a0-222-gefeffbb62a (webtiles) character file.

Game seed: 6446614423500212186

4944 Maxmaps the Slicer (level 10, -13/79 HPs)
             Began as a Demonspawn Gladiator on July 6, 2023.
             Was an Initiate of Gozag.
             Mangled by a chaos spawn (14 damage)
             ... summoned by a kobold demonologist
             ... on level 9 of the Dungeon.
             The game lasted 00:10:50 (9210 turns).

Maxmaps the Slicer (Demonspawn Gladiator)           Turns: 9210, Time: 00:10:50

Health: -13/79     AC: 13    Str: 15    XL:     10   Next: 28%
Magic:  10/10      EV:  8    Int: 13    God:    Gozag
Gold:   561        SH: 10    Dex: 15    Spells: 9/9 levels left

rFire   . . .        j - +2 short sword (elec)
rCold   . . .        C - +0 kite shield
rNeg    + + .        g - +0 scale mail
rPois   .            r - +2 helmet
rElec   .            E - +1 cloak
rCorr   .            (no gloves)
SInv    .            (no boots)
Will    .....        n - amulet of magic regeneration Stlth
                     D - ring of positive energy
HPRegen 0.33/turn    F - ring of positive energy
MPRegen 0.52/turn

%: no passive effects
@: no status effects
A: thin metallic scales 1, ignite blood 1, spiny 1, weakness stinger 2
a: Renounce Religion, Potion Petition, Call Merchant, Bribe Branch


You were on level 9 of the Dungeon.
You worshipped Gozag.
Gozag was pleased with you.
You visited 2 branches of the dungeon, and saw 10 of its levels.
You also visited: Sewer.

You collected 971 gold pieces.
You spent 285 gold pieces at shops.
You paid 125 gold pieces to Gozag.

Inventory:

Hand Weapons
 a - a +0 trident
 j - a +2 short sword of electrocution (weapon)
Missiles
 d - 6 throwing nets (quivered)
 e - a javelin
Armour
 g - a +0 scale mail (worn)
 r - a +2 helmet (worn)
 C - a +0 kite shield (worn)
 E - a +1 cloak (worn)
Jewellery
 n - an amulet of magic regeneration (around neck)
 o - a ring of ice
 D - a ring of positive energy (left hand)
 F - a ring of positive energy (right hand)
 G - a ring of protection from fire
Wands
 p - a wand of flame (21)
 q - a wand of charming (31)
 x - a wand of roots (23)
 y - a wand of polymorph (10)
Scrolls
 c - a scroll of fear
 h - 3 scrolls of teleportation
 k - 5 scrolls of identify
 s - 6 scrolls of amnesia
 u - a scroll of noise {unknown}
 B - a scroll of enchant armour {unknown}
Potions
 b - 2 potions of lignification
 f - 5 potions of haste
 i - a potion of resistance
 l - 4 potions of heal wounds
 m - 3 potions of curing
 t - 2 potions of enlightenment
 v - a potion of cancellation {unknown}
 w - 2 potions of mutation {unknown}
 z - 2 potions of magic {unknown}
 A - 2 potions of degeneration {unknown}


   Skills:
 - Level 7.4 Fighting
 - Level 10.2 Short Blades
 - Level 3.9 Polearms
 - Level 1.7 Throwing
 - Level 2.6 Dodging
 + Level 6.1 Shields


You had 9 spell levels left.
You didn't know any spells.
Your spell library contained the following spells:

 Spells                   Type           Power      Damage    Failure   Level
 Freeze                   Ice            0%         1d3       98%         1
 Magic Dart               Conj           0%         1d3       98%         1
 Ensorcelled Hibernation  Hex/Ice        0%         N/A       99%         2
 Passwall                 Tmut/Erth      0%         N/A       99%         2
 Searing Ray              Conj           0%         2d4       99%         2
 Dazzling Flash           Conj/Hex       0%         N/A       100%        3
 Frozen Ramparts          Ice            0%         1d1       100%        3
 Hailstorm                Conj/Ice       0%         3d3       100%        3
 Swiftness                Air            0%         N/A       100%        3
 Fulminant Prism          Conj/Hex       0%         3d5       100%        4
 Manifold Assault         Tloc           0%         N/A       100%        4
 Agony                    Necr           0%         N/A       100%        5
 Silence                  Hex/Air        0%         N/A       100%        5
 Dispersal                Tloc           0%         N/A       100%        6
 Disjunction              Tloc           0%         N/A       100%        8


Dungeon Overview and Level Annotations

Branches:
Dungeon (9/15)             Temple (1/1) D:6           Sewer (visited)
   Lair: D:8-11         Orc: D:9-12

Altars:
Ashenzari
Cheibriados
Fedhas
Gozag
Hepliaklqana
Kikubaaqudgha
Okawaru
Sif Muna
Trog
Uskayaw
Vehumet
Wu Jian
Xom
Yredelemnul

Shops:
D:6 [=:   D:7 *?[


Innate Abilities, Weirdness & Mutations

You are partially covered in thin metallic scales. (AC +2)
Your demonic aura sometimes causes spilled blood to erupt in flames.
You are partially covered in sharp spines.
You have a tail ending in a sharp stinger.


Message History

You block the chaos spawn's attack.
You hit the kobold demonologist but do no damage.
You tail-slap the kobold demonologist, but do no damage.
The kobold demonologist is heavily wounded.
You feel sick.
You are no longer poisoned.
The shadow imp lashes its tail.
You block the kobold brigand's attack.
The kobold demonologist is struck by your spines.
The kobold demonologist hits you but does no damage.
You block the chaos spawn's attack.
You completely miss the kobold demonologist.
The kobold demonologist is heavily wounded.
The sixfirhy hits you. The sixfirhy shocks you!
You hit the kobold demonologist but do no damage.
Your tail-slap misses the kobold demonologist.
The kobold demonologist is heavily wounded.
The kobold demonologist looks satisfied for a moment.
The kobold brigand is struck by your spines.
The kobold brigand hits you but does no damage.
You block the chaos spawn's attack.
You hit the kobold demonologist.
The kobold demonologist is severely wounded.
You block the kobold demonologist's attack.
The kobold brigand completely misses you.
You miss the kobold demonologist.
The kobold demonologist is severely wounded.
You block the chaos spawn's attack.
You hit the kobold demonologist but do no damage.
The kobold demonologist is severely wounded.
The sixfirhy hits you! The sixfirhy shocks you!
* * * LOW HITPOINT WARNING * * *
You block the kobold brigand's attack. The sixfirhy is struck by your spines.
The sixfirhy hits you!
* * * LOW HITPOINT WARNING * * *
The sixfirhy shocks you!
* * * LOW HITPOINT WARNING * * *
The chaos spawn gores you!
You die...
Your body crumbles into a pile of gold.

. #..............###
..
#.....#######.....
..#
#................
... #..............#
..###..............#
...8#..............#
..8##..............#
................4K.#
................@35#
............#####KK#
............# 4K5..
............#
K......
............#
5.#####
............. ..#
............. ..#
.......... ..#
.........


You could see 2 kobold demonologists, a sixfirhy (summoned), 2 chaos spawn, 2
kobold brigands, a quasit (summoned), a shadow imp (summoned), an ufetubus
(summoned) and a kobold.

Vanquished Creatures
  Sigmund (D:4)
  A wyvern (D:9)
  A steam dragon (D:8)
  3 vampire mosquitoes (D:7)
  Edmund (D:4)
  4 water moccasins
  Duvessa (D:4)
  A black bear (D:3)
  5 orc warriors
  4 ogres
  2 centaurs (D:5)
  A kobold brigand (D:8)
  A bullfrog (D:7)
  A gnoll sergeant (D:9)
  Blork the orc (D:5)
  3 scorpions
  Dowan (D:4)
  4 wights (D:8)
  9 killer bees
  5 howler monkeys
  3 hounds
  2 jellies
  7 orc priests
  2 sleepcaps
  7 iguanas
  7 orc wizards
  A hell rat (Sewer)
  Robin (D:4)
  5 gnolls
  11 adders
  4 river rats
  A shadow imp (D:7)
  An ufetubus (D:6)
  3 worms
  3 dart slugs
  29 orcs
  9 ball pythons
  2 bats (D:1)
  6 endoplasms
  3 giant cockroaches
  17 goblins
  13 hobgoblins
  3 jackals (D:1)
  14 kobolds
  8 quokkas
  3 frilled lizards (D:1)
  32 rats
247 creatures vanquished.

Notes
Turn   | Place    | Note
-------+----------+-------------------------------------------
     0 | D:1      | Maxmaps the Demonspawn Gladiator began the quest for the
                  | Orb.
     0 | D:1      | Reached XP level 1. HP: 16/16 MP: 1/1
    60 | D:1      | Gained mutation: You are partially covered in sharp spines.
                  | [demonic ancestry]
    60 | D:1      | Reached XP level 2. HP: 21/22 MP: 2/2
   305 | D:1      | Reached XP level 3. HP: 27/27 MP: 3/3
   645 | D:1      | Reached skill level 1 in Short Blades
   980 | D:2      | Found a radiant altar of Vehumet.
  1275 | D:2      | Reached XP level 4. HP: 30/33 MP: 4/4
  1428 | D:2      | Reached skill level 2 in Short Blades
  1921 | D:2      | Found a faded altar of an unknown god.
  2229 | D:3      | Noticed an angel
  2247 | D:3      | Reached skill level 3 in Short Blades
  2310 | D:3      | Gained mutation: You have a small tail. [demonic ancestry]
  2310 | D:3      | Reached XP level 5. HP: 10/38 MP: 5/5
  2414 | D:3      | Found a glowing drain.
  2424 | Sewer    | Entered a sewer
  2563 | D:3      | Reached skill level 4 in Short Blades
  2675 | D:3      | Found an ancient bone altar of Kikubaaqudgha.
  2794 | D:3      | Found an iron altar of Okawaru.
  2836 | D:4      | Noticed Duvessa
  2837 | D:4      | Noticed Dowan
  2986 | D:4      | Killed Dowan
  2987 | D:4      | Reached XP level 6. HP: 15/44 MP: 6/6
  2987 | D:4      | Killed Duvessa
  2988 | D:4      | Reached skill level 5 in Short Blades
  3100 | D:4      | Noticed Edmund
  3135 | D:3      | Reached skill level 6 in Short Blades
  3138 | D:3      | Gained mutation: You have a tail ending in a sharp stinger.
                  | [demonic ancestry]
  3138 | D:3      | Reached XP level 7. HP: 46/50 MP: 7/7
  3344 | D:4      | Noticed Sigmund
  3355 | D:4      | Killed Sigmund
  3415 | D:4      | Reached skill level 7 in Short Blades
  3692 | D:4      | Killed Edmund
  3771 | D:4      | Noticed Robin
  3785 | D:4      | Killed Robin
  4000 | D:5      | Entered Level 5 of the Dungeon
  4010 | D:5      | Reached XP level 8. HP: 56/56 MP: 8/8
  4024 | D:5      | Reached skill level 8 in Short Blades
  4199 | D:5      | Noticed Blork the orc
  4208 | D:5      | Killed Blork the orc
  4305 | D:5      | Reached skill level 9 in Short Blades
  4447 | D:5      | Noticed a gargoyle
  4626 | D:5      | Reached skill level 10 in Short Blades
  4972 | D:6      | Gained mutation: You are partially covered in thin metallic
                  | scales. (AC +2) [demonic ancestry]
  4972 | D:6      | Reached XP level 9. HP: 44/62 MP: 9/9
  5132 | D:6      | Found Kiyxotum's Jewellery Emporium.
  5158 | D:6      | Identified the +7 quarterstaff "Winiw" {flame, *Rage rF+
                  | rN+ Int+2}
  5202 | D:6      | Found Enlieno's Book Emporium.
  5461 | D:6      | Found a staircase to the Ecumenical Temple.
  5488 | D:6      | Found Bud Lyhudwe's Antique Armour Shop.
  5517 | Temple   | Entered the Ecumenical Temple
  5698 | Temple   | Became a worshipper of Gozag Ym Sagoz the Greedy
  6243 | D:6      | Found a broken altar of Ashenzari.
  6243 | D:6      | Found a hide-covered altar of Uskayaw.
  6252 | D:6      | Found a faded altar of an unknown god.
  6254 | D:6      | Found a blossoming altar of Fedhas.
  6256 | D:6      | Found a faded altar of an unknown god.
  6397 | D:7      | Reached skill level 5 in Fighting
  6580 | D:7      | Found Kebrem's Antique Armour Emporium.
  6644 | D:7      | Found Lufaol's Magic Scroll Shoppe.
  6701 | D:7      | Found Qaush's Assorted Antiques.
  7033 | D:7      | Found a shimmering altar of Xom.
  7309 | D:7      | Bought a shiny helmet for 285 gold pieces
  7452 | D:8      | Reached skill level 1 in Shields
  7757 | D:8      | Found a bloodstained altar of Trog.
  8001 | D:8      | Gained mutation: Your demonic aura sometimes causes spilled
                  | blood to erupt in flames. [demonic ancestry]
  8001 | D:8      | Reached XP level 10. HP: 72/79 MP: 10/10
  8671 | D:9      | Reached skill level 5 in Shields
  8698 | D:9      | Found a snail-covered altar of Cheibriados.
  9201 | D:9      | Noticed a sixfirhy
  9210 | D:9      | HP: 1/79 [sixfirhy[a kobold demonologist] (11)]
  9210 | D:9      | Mangled by a chaos spawn

Illustrated notes

Levels and vault maps discovered:
D:1:      dpeg_arrival_arbitrary_a, layout_loops_ring, hangedman_decor_points,
          kennysheep_crisscross, amcnicky_mini_rare_corridor_liquid, st_stairs_6
D:2:      layout_basic, basic_ecumenical_altar, basic_altar, fountainhead
D:3:      minmay_wonky_spiral, layout_basic, zin_angel,
          mainiacjoe_overflow_swirl, portal_sewer_entry_e
D:4:      layout_rooms, minmay_rat_hole, uniq_robin, uniq_sigmund, uniq_edmund,
          uniq_duvessa
D:5:      layout_loops_cross, lightli_corner_chamber, uniq_blork_the_orc
D:6:      layout_layer_cave, chequers_temple_overflow_minitemple,
          mainiacjoe_overflow_paths, temple_doors_e, serial_shops,
          nicolae_lakefront_shop, shop, nicolae_stop_n_shop_2
D:7:      layout_basic, lemuel_coloured_pillars_altar, serial_shops, shop, shop,
          nicolae_shop_window_shopping, feat_on_display
D:8:      layout_gridville, trog_butcher_becter
D:9:      layout_small_grid, minitemple, lemuel_round_altar,
          mainiacjoe_overflow_cross_hatched
Temple:   nicolae_temple_bog_church

Skill      XL: |  1  2  3  4  5  6  7  8  9 10 |
---------------+-------------------------------+-----
Polearms       | 3 |  3.9
Short Blades   | 1 3 4 6 7 10 | 10.2
Fighting       | 7 |  7.4
Shields        | 4 6 |  6.1
Throwing       | |  1.7
Dodging        | |  2.6

Action                     |  1- 3 |  4- 6 |  7- 9 | 10-12 || total
---------------------------+-------+-------+-------+-------++-------
  Melee: Trident           |    38 |       |       |       ||    38
         Short sword       |    34 |   126 |   343 |   162 ||   665
         Tailslap          |       |     4 |    41 |    25 ||    70
         Punch             |       |       |     2 |       ||     2
    Use: Scroll            |       |     3 |    11 |     1 ||    15
   Stab: Distracted        |       |       |     1 |       ||     1
 Armour: Leather armour    |     5 |       |       |       ||     5
         Scale mail        |    16 |    44 |    96 |    54 ||   210
  Dodge: Dodged            |    25 |    66 |   110 |    32 ||   233
  Block: Kite shield       |       |       |    19 |    79 ||    98

Table legend: (Time is in decaauts)
 A = Elapsed time spent in this place.
 B = Non-inter-level travel time spent in this place.
 C = Inter-level travel time spent in this place.
 D = Time resting spent in this place.
 E = Time spent auto-exploring this place.
 F = Levels seen in this place.
 G = Mean time per level.
                   A        B        C        D        E       F      G
               +--------+--------+--------+--------+--------+-----+--------+
         Total |   9013 |   8546 |    467 |   1388 |   5807 |  11 |  819.4 |
       Dungeon |   8711 |   8280 |    431 |   1388 |   5600 |   9 |  967.9 |
        Temple |    201 |    165 |     36 |      0 |    155 |   1 |  201.0 |
         Sewer |    100 |    100 |      0 |      0 |     50 |   1 |  100.0 |
               +--------+--------+--------+--------+--------+-----+--------+

Top non-repeatable levels by time:
     D:8: 1435 daAuts
     D:6: 1180 daAuts
     D:3: 1175 daAuts
     D:2: 1108 daAuts
     D:7: 979 daAuts
     D:1: 898 daAuts
     D:5: 889 daAuts
     D:4: 693 daAuts
     D:9: 350 daAuts
  Temple: 201 daAuts
   Sewer: 100 daAuts
